 Dungeon Crawl Stone Soup version 0.16.1-51-g6203257 (webtiles) character file.

99 RepoMan the Changer (level 4, -6/21 HPs)
             Began as a Vine Stalker Transmuter on Aug 3, 2015.
             Killed by divine providence
             ... invoked by an orc priest
              (13 damage)
             ... on level 3 of the Dungeon.
             The game lasted 00:20:47 (1873 turns).

RepoMan the Changer (Vine Stalker Transmuter)       Turns: 1873, Time: 00:20:49

Health: -6/21      AC: 10    Str: 14    XL:     4   Next: 72%
Magic:  0/10       EV:  6    Int: 13    God:
Gold:   100        SH:  0    Dex: 14    Spells: 2 memorised, 6 levels left

rFire  + . .     SeeInvis .     s - +0 great mace
rCold  . . .     Clarity  .     o - +2 chain mail {rF+}
rNeg   . . .     SustAb   .     (no shield)
rPois  .         Gourm    .     (no helmet)
rElec  .         Spirit   +     (no cloak)
rCorr  .         Warding  .     (no gloves)
rMut   .         Stasis   .     (no boots)
MR     .....                    (no amulet)
Stlth  ..........               (no ring)
                                (no ring)

@: not resistant to hostile enchantments, extremely unstealthy
A: fangs 2, regeneration 1, magic shield, antimagic bite, no device heal 3, rot
immunity
a: no special abilities


You were on level 3 of the Dungeon.
You were hungry.

You visited 1 branch of the dungeon, and saw 3 of its levels.

You collected 100 gold pieces.

Inventory:

Hand weapons
 n - a +0 arbalest
 s - a +0 great mace (weapon)
Missiles
 b - 19 arrows
 h - 8 arrows of frost
Armour
 c - a +0 robe
 o - a +2 chain mail of fire resistance (worn)
Scrolls
 i - a scroll of enchant weapon {unknown}
 l - a scroll of teleportation {unknown}
 p - 2 scrolls of remove curse {unknown}
 q - 2 scrolls of magic mapping {unknown}
Potions
 e - 3 potions of curing {unknown}
 f - a potion of magic {unknown}
 g - 2 potions of agility {unknown}
 j - a potion of restore abilities {unknown}
 k - a potion of brilliance {unknown}
 r - a potion of cure mutation {unknown}
Books
 d - a book of Changes

   Spells                             Type                      Level
   a - Beastly Appendage              Transmutation                1
   b - Sticks to Snakes               Transmutation                2
   c - Spider Form                    Transmutation/Poison         3
   d - Ice Form                       Ice/Transmutation            4
   e - Blade Hands                    Transmutation                5
Comestibles
 a - a bread ration
 m - a chunk of flesh


   Skills:
 - Level 0.8 Fighting
 * Level 1.5 Armour
 - Level 1.5 Dodging
 - Level 3.0 Unarmed Combat
 + Level 3.1 Spellcasting
 + Level 3.4 Transmutations


You had 6 spell levels left.
You knew the following spells:

 Your Spells              Type           Power        Failure   Level  Hunger
a - Beastly Appendage     Trmt           ##....       98%         1    #......
s - Sticks to Snakes      Trmt           ##........   99%         2    ##.....


Dungeon Overview and Level Annotations

Branches:
Dungeon (3/15)

Altars:
Dithmenos
Trog
Yredelemnul

Annotations:
D:2 Sigmund


Innate Abilities, Weirdness & Mutations

You have extremely sharp teeth.
Your natural rate of healing is unusually fast.
When hurt, damage is shared between your health and your magic reserves.
Your bite disrupts and absorbs the magic of your enemies.
Potions and wands cannot restore your health.
You are immune to rotting.


Message History

The orc priest is lightly wounded.
The orc hits you with a short sword.
The orc priest mumbles some strange prayers to Beogh against you.
Pain shoots through your body!
Wield which item (- for none, * to show all)? (? for menu, Esc to quit)
s - a +0 great mace (weapon)
The orc hits you with a short sword.
The orc priest invokes the aid of Beogh against you.
You struggle to resist.
You sock the orc priest!
The orc priest is severely wounded.
The orc hits you with a short sword.
The orc priest looks braver.
You completely miss the orc priest.
The orc priest is severely wounded.
The orc hits you but does no damage. The orc priest hits you.
The orc priest mumbles some strange prayers to Beogh against you.
Something smites you!
Ouch! That really hurt!
You die...

####.#### ....#.#....# .
##.......# ..###.#....#
#..
#..#..##÷##......#....#
#..##
#.##.##........####....#
#....#.
#.♣.##.....#.##.......
#.....####.####....#
#.#.###.
#...#.#.###.#....#
...#.# #.
#.8.###.oo#..## ## ## #.
#...#.###.#@#...# ...
#....#.#.#.##...# ###.
##..###)⌠.## ...# #. #..
#.#.## ...# ##
#..#.#.#.# ...# #.#.⌠.#
#.⌠ #o.. #..#.# #.# .##
##.## ## .


You could see an orc priest and an orc.

Vanquished Creatures
  An adder (D:3)
  A giant mite (D:2)
  3 worms (D:2)
  4 orcs (D:3)
  7 bats
  A bat skeleton (D:3)
  2 giant cockroaches
  A goblin (D:1)
  6 hobgoblins
  2 jackals (D:1)
  8 kobolds
  An ooze (D:3)
  2 quokkas (D:2)
  4 ball pythons
  A giant gecko (D:1)
  8 giant newts
  9 rats
61 creatures vanquished.

Notes
Turn   | Place    | Note
--------------------------------------------------------------
     0 | D:1      | RepoMan, the Vine Stalker Transmuter, began the quest for the Orb.
     0 | D:1      | Reached XP level 1. HP: 9/9 MP: 3/3
   138 | D:1      | Reached XP level 2. HP: 14/14 MP: 4/6
   245 | D:1      | Learned a level 2 spell: Sticks to Snakes
   792 | D:2      | Noticed Sigmund
   823 | D:1      | Reached XP level 3. HP: 10/17 MP: 5/7
  1235 | D:2      | Reached skill level 1 in Armour
  1235 | D:2      | Reached XP level 4. HP: 19/21 MP: 9/9
  1345 | D:2      | Found a shadowy altar of Dithmenos.
  1489 | D:3      | Found a basalt altar of Yredelemnul.
  1692 | D:3      | Found a bloodstained altar of Trog.
  1873 | D:3      | Killed from afar by an orc priest

Action                   |  1- 3 |  4- 6 || total
-------------------------+-------+-------++-------
Melee: Unarmed           |   111 |   113 ||   224
       Great mace        |       |     2 ||     2
 Cast: Beastly Appendage |     8 |       ||     8
 Stab: Sleeping          |     1 |       ||     1
  Eat: Chunk             |     1 |     2 ||     3
